 Dungeon Crawl Stone Soup version 0.16.1-12-gf5c4a84 (webtiles) character file.

64 Magnus the Skirmisher (level 3, -5/29 HPs)
             Began as a Mummy Gladiator on Apr 10, 2015.
             Slain by Grinder (9 damage)
             ... on level 2 of the Dungeon.
             The game lasted 00:07:11 (3439 turns).

Magnus the Skirmisher (Mummy Gladiator)             Turns: 3439, Time: 00:07:11

Health: -5/29      AC:  6    Str: 18    XL:     3   Next: 91%
Magic:  3/3        EV: 12    Int:  7    God:
Gold:   105        SH:  0    Dex: 13    Spells: 0 memorised, 2 levels left

rFire  x . .     SeeInvis .     a - +0 long sword
rCold  + . .     Clarity  .     f - +0 ring mail
rNeg   + + +     SustAb   .     (no shield)
rPois  ∞         Gourm    .     c - +0 helmet
rElec  .         Spirit   .     (no cloak)
rCorr  .         Warding  +     (no gloves)
rMut   .         Stasis   .     (no boots)
MR     .....                    g - amulet of warding
Stlth  +.........               (no ring)
                                k - ring of positive energy

@: not resistant to hostile enchantments, very unstealthy
A: no food or potions, fire vulnerability, restore body, cold resistance 1,
negative energy resistance 3, poison resistance, torment resistance, unbreathing
a: no special abilities


You were on level 2 of the Dungeon.
You were not hungry.

You visited 1 branch of the dungeon, and saw 3 of its levels.

You collected 105 gold pieces.

Inventory:

Hand weapons
 a - a +0 long sword (weapon)
Armour
 c - a +0 helmet (worn)
 f - a +0 ring mail (worn)
Jewellery
 g - an amulet of warding (around neck)
 k - a ring of positive energy (left hand)
Scrolls
 b - 2 scrolls of blinking {unknown}
 e - 2 scrolls of magic mapping {unknown}
 h - 4 scrolls of identify {unknown}
 i - 2 scrolls of recharging {unknown}
 j - a scroll of fog {unknown}


   Skills:
 + Level 3.0 Fighting
 + Level 3.0 Long Blades
 - Level 1.5 Throwing
 + Level 2.9 Dodging


You had 2 spell levels left.
You didn't know any spells.

Dungeon Overview and Level Annotations

Branches:
Dungeon (3/15)

Altars:

Annotations:
D:2 Grinder


Innate Abilities, Weirdness & Mutations

You do not eat or drink.
Your flesh is vulnerable to fire.
Your flesh is cold resistant.
You are immune to negative energy.
Your system is resistant to poisons.
You are immune to unholy pain and torment.
You can survive without breathing.


Message History

You hit Grinder.
Grinder is moderately wounded.
Grinder hits you!
* * * LOW HITPOINT WARNING * * *
Grinder gestures at you.
You are unaffected.
Unknown command.
You closely miss Grinder.
Grinder is moderately wounded.
Grinder closely misses you.
Throwing (i - inventory):
d - a throwing net (quivered)
Press: ? - help, Shift-Dir - straight line, f/p - Grinder
Aim: Grinder (moderately wounded)
You throw a throwing net.
The throwing net closely misses Grinder.
Grinder closely misses you.
You closely miss Grinder.
Grinder is moderately wounded.
Grinder hits you!
You die...

########## #.........
########.........
#......+.........
#.######......... #.#
#......... ######.#
#.........
#####......######.........
#........@......+.........
##.##.#.#.5######.........
#.##.#.#.................
#.##.#....<(.............
#.##(#.#..######.........
#.##.#.#.>.............!#
#.##.#.#.##########.##..#
#.##...#.# #.##..#
#.######.# #..)..#


You could see Grinder.

Vanquished Creatures
  An adder (D:2)
  2 worms (D:2)
  3 giant cockroaches
  5 goblins
  6 hobgoblins
  A quokka (D:2)
  A ball python (D:2)
  6 bats
  2 giant geckos (D:1)
  3 giant newts
  4 jackals
  4 kobolds
  6 rats
44 creatures vanquished.

Notes
Turn   | Place    | Note
--------------------------------------------------------------
     0 | D:1      | Magnus, the Mummy Gladiator, began the quest for the Orb.
     0 | D:1      | Reached XP level 1. HP: 16/16 MP: 1/1
   256 | D:1      | Reached XP level 2. HP: 21/23 MP: 2/2
  1181 | D:2      | Reached XP level 3. HP: 28/28 MP: 3/3
  1680 | D:2      | Reached skill level 3 in Fighting
  2229 | D:3      | Noticed Grinder
  2230 | D:3      | Paralysed by Grinder for 5 turns
  2240 | D:2      | Paralysed by Grinder for 7 turns
  2250 | D:2      | Paralysed by Grinder for 6 turns
  2267 | D:2      | Paralysed by Grinder for 2 turns
  2642 | D:2      | Paralysed by Grinder for 5 turns
  2911 | D:2      | Paralysed by Grinder for 7 turns
  3234 | D:2      | Paralysed by Grinder for 7 turns
  3415 | D:2      | Paralysed by Grinder for 6 turns
  3425 | D:2      | Paralysed by Grinder for 7 turns
  3439 | D:2      | Slain by Grinder

Action                   || total
-------------------------++-------
Melee: Long sword        ||   189
Throw: Throwing net      ||     8
 Stab: Held in net/web   ||     1
